 Dungeon Crawl Stone Soup version 0.30.1-3-gfc49f6343a (webtiles) character file.

Game seed: 5197154105800280455

184 FishyPogo the Chiller (level 5, -4/38 HPs)
             Began as a Demonspawn Ice Elementalist on Aug 4, 2023.
             Slain by Edmund
             ... wielding a +5 flail of protection
              (12 damage)
             ... on level 4 of the Dungeon.
             The game lasted 00:14:05 (3509 turns).

FishyPogo the Chiller (Demonspawn Ice Elementalist) Turns: 3509, Time: 00:14:05

Health: -4/38      AC:  6    Str:  8    XL:     5   Next: 36%
Magic:  0/3        EV: 11    Int: 18    God:
Gold:   223        SH:  4    Dex: 14    Spells: 2/9 levels left

rFire   + . .        a - +4 dagger (antimagic)
rCold   . . .        l - +0 buckler
rNeg    . . .        i - +0 robe
rPois   .            (no helmet)
rElec   .            (no cloak)
rCorr   .            m - +1 pair of gloves
SInv    .            (no boots)
Will    .....        r - amulet of the acrobat
Stlth   ++           q - ring of protection from fire
HPRegen 0.26/turn    (no ring)
MPRegen 0.08/turn

%: acrobat
@: no status effects
A: yellow scales 1, demonic magic 1
a: no special abilities


You were on level 4 of the Dungeon.
You visited 1 branch of the dungeon, and saw 5 of its levels.

You collected 223 gold pieces.

Inventory:

Hand Weapons
 a - a +4 antimagic dagger (weapon)
Missiles
 c - 11 stones
 t - 3 boomerangs
Armour
 i - a +0 robe (worn)
 l - a +0 buckler (worn)
 m - a +1 pair of gloves (worn)
Jewellery
 q - a ring of protection from fire (left hand)
 r - an amulet of the acrobat (around neck)
Scrolls
 d - a scroll of enchant weapon {unknown}
 e - a scroll of poison {unknown}
 g - 2 scrolls of brand weapon {unknown}
 h - a scroll of amnesia {unknown}
 j - 8 scrolls of identify {unknown}
 k - 2 scrolls of teleportation {unknown}
 s - a scroll of fog {unknown}
Potions
 b - a potion of magic
 f - 2 potions of heal wounds
 n - 2 potions of attraction {unknown}
 o - a potion of curing {unknown}
 p - a potion of invisibility {unknown}
 u - a potion of ambrosia {unknown}
 v - 2 potions of flight {unknown}
 w - a potion of might {unknown}


   Skills:
 + Level 2.0 Fighting
 + Level 0.3 Throwing
 - Level 2.0 Dodging
 - Level 2.0 Stealth
 + Level 1.4 Shields
 + Level 2.8 Spellcasting
 + Level 0.2 Summonings
 * Level 4.6 Ice Magic
 + Level 0.5 Invocations


You had 2 spell levels left.
You knew the following spells:

 Your Spells              Type           Power      Damage    Failure   Level
a - Freeze                Ice            76%        1d8       3%          1
b - Frozen Ramparts       Ice            38%        1d6       12%         3
c - Ozocubu's Armour      Ice            19%        N/A       12%         3

Your spell library contained the following spells:

 Spells                   Type           Power      Damage    Failure   Level
 Summon Ice Beast         Ice/Summ       11%        N/A       67%         4


Dungeon Overview and Level Annotations

Branches:
Dungeon (5/15)
 Temple: D:4-7

Altars:

Annotations:
D:4 Edmund


Innate Abilities, Weirdness & Mutations

You are partially covered in yellow scales. (AC +2)
Spells you cast may paralyse adjacent enemies.


Message History

Confirm with . or Enter, or press ? or * to list all spells.
Casting: Frozen Ramparts (dangerous; 12% risk of failure)
Press: ? - help, Dir - look around, f - activate The walls around you are covered in ice.
Malevolent energies surge around you.
The wall freezes Edmund.
You barely miss Edmund.
Edmund is lightly wounded.
The wall freezes Edmund but does no damage.
Edmund says, "A flail is better than a scythe, any day of the week!"
Edmund hits you with a +5 flail of protection!
You hit Edmund.
Edmund is moderately wounded.
The wall freezes Edmund but does no damage.
Edmund closely misses you.
You hit Edmund but do no damage.
Edmund is moderately wounded.
The wall freezes Edmund but does no damage.
Edmund barely misses you.
You hit Edmund.
Edmund is moderately wounded.
The wall freezes Edmund.
Edmund hits you with a +5 flail of protection!
You hit Edmund.
Edmund is heavily wounded.
The wall freezes Edmund.
Edmund hits you with a +5 flail of protection!
* * * LOW HITPOINT WARNING * * *
It was a potion of heal wounds.
You feel much better.
The frozen ramparts melt away.
Edmund hits you with a +5 flail of protection.
You barely miss Edmund.
Edmund is heavily wounded.
Edmund hits you with a +5 flail of protection.
You barely miss Edmund.
Edmund is heavily wounded.
Edmund hits you with a +5 flail of protection! x2
* * * LOW HITPOINT WARNING * * *
Edmund attacks as you move away!
Edmund hits you with a +5 flail of protection!
You die...

.... .... ... .... ..........#
.### ..........# ## ..........###
#.#.....$...# #.#.........# #
###### #########.#.........#
###....# #...@@....#..........
.##....######.#######.#..........
.##....##..........@.............
.##....##.##....................#
..#....##.###.##.................
#..†...##..#####..........######.
..†...........##..........#
###..#####....##..........#
......####.##.##..........#


You could see Edmund.

Vanquished Creatures
  A phantom (D:3)
  3 adders
  3 worms (D:2)
  A dart slug (D:2)
  8 ball pythons
  9 endoplasms
  3 giant cockroaches
  7 goblins
  9 hobgoblins
  6 kobolds
  4 quokkas
  6 bats
  2 frilled lizards (D:3)
  7 rats
69 creatures vanquished.

Notes
Turn   | Place    | Note
-------+----------+-------------------------------------------
     0 | D:1      | FishyPogo the Demonspawn Ice Elementalist began the quest
                  | for the Orb.
     0 | D:1      | Reached XP level 1. HP: 13/13 MP: 3/3
   221 | D:1      | Gained mutation: You are partially covered in yellow
                  | scales. (AC +2) [demonic ancestry]
   221 | D:1      | Reached XP level 2. HP: 10/20 MP: 3/5
  1402 | D:2      | Reached skill level 1 in Fighting
  1486 | D:2      | Reached XP level 3. HP: 26/26 MP: 4/6
  1490 | D:2      | Learned a level 3 spell: Frozen Ramparts
  1805 | D:2      | Reached skill level 4 in Ice Magic
  2577 | D:5      | Entered Level 5 of the Dungeon
  2577 | D:5      | Noticed a phantom
  2621 | D:3      | Reached XP level 4. HP: 29/32 MP: 0/7
  2679 | D:3      | Reached skill level 1 in Shields
  2912 | D:3      | Noticed a phantom
  2930 | D:3      | Killed a phantom
  2931 | D:3      | Gained mutation: Spells you cast may paralyse adjacent
                  | enemies. [demonic ancestry]
  2931 | D:3      | Reached XP level 5. HP: 32/38 MP: 3/9
  3443 | D:4      | Noticed Edmund
  3453 | D:4      | Learned a level 3 spell: Ozocubu's Armour
  3509 | D:4      | Slain by Edmund

Illustrated notes

Levels and vault maps discovered:
D:1:      giann_forest_graveyard, layout_basic, interstate_on_off,
          nicolae_hexahallways, hex_intersection, minmay_misc_feat_square,
          minmay_misc_feat_rugged
D:2:      layout_basic
D:3:      layout_loops_cross, minmay_box_of_dots
D:4:      layout_basic, uniq_edmund
D:5:      layout_rooms, nicolae_overflow_hidden_temple, serial_shops,
          nicolae_shop_real_fake_doors

Skill      XL: |  1  2  3  4 |
---------------+-------------+-----
Stealth        | 2 |  2.0
Dodging        | 2 |  2.0
Fighting       | 1 2 |  2.0
Ice Magic      | 4 |  4.6
Shields        | 1 |  1.4
Throwing       | |  0.3
Spellcasting   | |  2.8
Summonings     | |  0.2
Invocations    | |  0.5

Action                     |  1- 3 |  4- 6 || total
---------------------------+-------+-------++-------
  Melee: Dagger            |    46 |    42 ||    88
         Unarmed           |     1 |       ||     1
  Throw: Boomerang         |       |     4 ||     4
   Cast: Freeze            |    43 |    11 ||    54
         Frozen Ramparts   |     2 |     1 ||     3
    Use: Potion            |       |     1 ||     1
   Stab: Sleeping          |    11 |     5 ||    16
         Paralysed         |       |     4 ||     4
 Armour: Robe              |    22 |     8 ||    30
  Dodge: Dodged            |    31 |    31 ||    62
  Block: Buckler           |     6 |     6 ||    12
